 Dungeon Crawl Stone Soup version 0.17-a0-1079-g9903972 (console) character file.

23585 Monkaria the Protected (level 12, -10/93 HPs)
             Began as a Demonspawn Chaos Knight on May 19, 2015.
             Mangled by a bone dragon (13 damage)
             ... on level 1 of the Abyss.
             The game lasted 00:37:12 (13970 turns).

Monkaria the Protected (Demonspawn Chaos Knight)   Turns: 13970, Time: 00:37:12

Health: -10/93     AC: 18    Str: 22    XL:     12   Next: 73%
Magic:  0/12       EV: 11    Int: 13    God:    Xom [.*....]
Gold:   623        SH:  0    Dex: 14    Spells: 0 memorised, 11 levels left

rFire  + . .     SeeInvis +     M - +3 scimitar (flame)
rCold  . . .     Clarity  .     w - +4 ring mail {rF+}
rNeg   . . .     SustAb   .     (no shield)
rPois  .         Gourm    .     N - +2 helmet {SInv}
rElec  .         Spirit   +     r - +0 cloak (curse)
rCorr  .         Warding  .     C - +1 pair of gloves
rMut   .         Stasis   .     (no boots)
MR     .....                    T - amulet of guardian spirit
Stlth  ..........               J - +5 ring of strength
                                z - +4 ring of dexterity

@: studying Armour, not resistant to hostile enchantments, extremely unstealthy
A: hooves 2, rugged brown scales 1, blurry vision 2, clumsy 1, deformed body,
dopey 1, frail 1, mutation resistance 1, powered by death 1, screaming 1, spiny
3
a: Renounce Religion


You were on level 1 of the Abyss.
You worshipped Xom.
You were a plaything of Xom.
You were not hungry.

You visited 3 branches of the dungeon, and saw 16 of its levels.
You visited the Abyss 1 time.

You collected 945 gold pieces.
You spent 322 gold pieces at shops.

Inventory:

Hand weapons
 o - a +0 blowgun
 M - a +3 scimitar of flaming (weapon)
 Z - a +3 scimitar of protection
Missiles
 k - 2 throwing nets (quivered)
 s - 81 poisoned needles
Armour
 r - a cursed +0 cloak (worn)
 w - a +4 ring mail of fire resistance (worn)
 C - a +1 pair of gloves (worn)
 N - a +2 helmet of see invisible (worn)
Jewellery
 z - a +4 ring of dexterity (left hand)
 J - a +5 ring of strength (right hand)
 T - an amulet of guardian spirit (around neck)
 W - an uncursed ring of flight
Magical devices
 d - a wand of flame (26)
 u - a wand of paralysis (8)
 H - a wand of polymorph (7)
 I - a wand of fire (13)
 K - a wand of paralysis (6)
 O - a wand of heal wounds (9)
Scrolls
 a - a scroll of identify
 e - 2 scrolls of magic mapping
 f - 4 scrolls of teleportation
 h - 5 scrolls of remove curse
 i - 3 scrolls of blinking
 p - a scroll of summoning {unknown}
 t - 2 scrolls of fog
Potions
 g - a potion of ambrosia {unknown}
 j - 7 potions of heal wounds
 l - 5 potions of might
 m - 4 potions of curing
 v - 2 potions of haste
 x - 2 potions of flight {unknown}
 D - 2 potions of lignification
 E - a potion of invisibility {unknown}
 G - 3 potions of berserk rage
Books
 c - a manual of Armour
Comestibles
 b - 2 chunks of flesh
 n - 13 meat rations


   Skills:
 - Level 11.1 Fighting
 - Level 13.0 Long Blades
 + Level 13.3 Armour
 - Level 0.8 Dodging


You had 11 spell levels left.
You didn't know any spells.

Dungeon Overview and Level Annotations

Branches:
Dungeon (11/15)            Temple (1/1) D:7            Lair (4/8) D:8
  Snake (0/4) Lair:4       Spider (0/4) Lair:4          Orc (0/4) D:10
  Swamp: Lair:3-6    Shoals: Lair:3-6

Altars:
Ashenzari
Cheibriados
Dithmenos
Elyvilon
Fedhas
Gozag
Kikubaaqudgha
Makhleb
Nemelex Xobeh
Okawaru
Qazlal
Ru
Sif Muna
Trog
Vehumet
Xom
Yredelemnul
Zin
The Shining One

Shops:
D:8 %   D:10 [

Annotations:
D:9 exclusion: 2 oklob saplings


Innate Abilities, Weirdness & Mutations

You have hoof-like feet.
You are partially covered in rugged brown scales (AC +1, +3% HP).
You can steal the life force of nearby defeated enemies.
You are completely covered in sharp spines.
Scrolls take you longer to read.
You are clumsy. (Dex -2)
Armour fits poorly on your strangely shaped body.
You are dopey. (Int -2)
You are frail (-10% HP).
You are somewhat resistant to further mutation.
You occasionally shout uncontrollably at your foes.


Message History

The bone dragon claws you but does no damage.
The bone dragon tramples you!
You hold your ground!
Read which item? (? for menu, Esc to quit)
Your blink will be uncontrolled - continue anyway?
Really read with blurry vision while enemies are nearby?
The bone dragon is struck by your spines.
The bone dragon bites you.
The bone dragon claws you but does no damage.
The bone dragon tramples you!
* * * LOW HITPOINT WARNING * * *
You hold your ground!
You begin reading the scroll.
You continue reading the scroll.
The bone dragon bites you!
* * * LOW HITPOINT WARNING * * *
The bone dragon claws you!
* * * LOW HITPOINT WARNING * * *
Xom roars with laughter!
The bone dragon tramples you!
You die...
Xom guffaws!

.# #.# . ###
.#####.# . #@##
.... ###..##.
##D##.. .##.#. . .
##..#..# ... ....
##...# .. ......
#....###.# ..... #.
###...# #......
#.###..#.#...#.....
# #..#........# .
#.#.#.####..##.


You could see a bone dragon.

Vanquished Creatures
  Harold (Lair:2)
  A hydra (Lair:3)
  Erica (D:11)
  A queen ant (D:10)
  Sonja (Lair:1)
  2 unseen horrors (D:10)
  4 hill giants (D:11)
  A griffon (D:10)
  An ugly thing (D:11)
  A cyclops (D:11)
  4 elephants (Lair:1)
  A sixfirhy (Abyss:1)
  2 spiny frogs (Lair:3)
  A centaur zombie (D:10)
  A gargoyle (D:10)
  A komodo dragon (Lair:3)
  4 two-headed ogres
  5 blink frogs (Lair:1)
  2 deep elf magi (D:11)
  2 basilisks
  2 wyverns
  A steam dragon (D:9)
  4 nagas (Lair:4)
  6 wolves (Lair:2)
  A hippogriff (D:10)
  2 water moccasins
  4 ice beasts
  2 sky beasts
  21 soldier ants
  2 porcupines
  2 small abominations (Lair:1)
  A black bear (D:9)
  6 spiders
  An orc warrior (D:11)
  A phantom (D:4)
  2 centaurs
  3 ogres
  6 crocodiles
  A wasp (D:8)
  A big kobold (D:9)
  14 giant frogs
  A jelly (D:11)
  3 scorpions
  An electric eel (Lair:1)
  5 wights (D:9)
  An orc priest (D:11)
  3 giant frog zombies
  2 quasits
  8 crimson imps
  5 hell rats (Lair:3)
  2 giant frog skeletons (D:9)
  7 orc wizards
  4 hounds
  3 centaur skeletons
  9 iguanas
  4 sheep (Lair:4)
  33 worker ants
  2 hound skeletons
  2 worker ant zombies (D:11)
  11 gnolls
  20 adders
  32 river rats
  3 ufetubi
  2 oozes
  3 adder zombies
  An adder skeleton (D:8)
  3 worms
  2 giant geckos
  22 orcs
  7 ball pythons
  7 giant cockroaches
  2 gnoll zombies (D:9)
  16 hobgoblins
  5 jackals
  22 kobolds
  6 quokkas
  7 bats
  5 giant newts
  12 goblins
  A jackal skeleton (D:6)
  A quokka skeleton (D:4)
  A quokka zombie (D:7)
  17 rats
  A plant (D:9)
424 creatures vanquished.

Vanquished Creatures (collateral kills)
  A phantom (D:7)
  A giant gecko (D:7)
2 creatures vanquished.

Vanquished Creatures (others)
  A troll (D:11)
  A centaur (D:7)
  3 quasits
  A shadow imp (Lair:2)
  An ufetubus (Lair:1)
7 creatures vanquished.

Grand Total: 433 creatures vanquished

Notes
Turn   | Place    | Note
--------------------------------------------------------------
     0 | D:1      | Monkaria the Demonspawn Chaos Knight began the quest for the Orb.
     0 | D:1      | Reached XP level 1. HP: 18/18 MP: 1/1
    90 | D:1      | XOM: harmless Air miscast
   254 | D:1      | XOM: harmless Pois miscast
   328 | D:1      | Gained mutation: You are partially covered in sharp spines. [demonic ancestry]
   328 | D:1      | Reached XP level 2. HP: 24/24 MP: 2/2
   698 | D:1      | XOM: give mutations
   698 | D:1      | Gained mutation: You are clumsy. (Dex -2) [Xom's mischief]
   698 | D:1      | Gained mutation: You occasionally shout uncontrollably at your foes. [Xom's mischief]
   800 | D:2      | XOM: noise
   820 | D:2      | Reached skill level 4 in Fighting
  1129 | D:2      | XOM: stat loss: -1 Int (12/13)
  1129 | D:2      | Reached XP level 3. HP: 30/30 MP: 3/3
  1305 | D:2      | Found a shattered altar of Ashenzari.
  1310 | D:2      | Reached XP level 4. HP: 37/37 MP: 4/4
  1311 | D:2      | XOM: give mutations
  1311 | D:2      | Gained mutation: Scrolls take you a little longer to read. [Xom's mischief]
  1311 | D:2      | Gained mutation: You are frail (-10% HP). [Xom's mischief]
  1311 | D:2      | Gained mutation: Armour fits poorly on your strangely shaped body. [Xom's mischief]
  1491 | D:2      | XOM: noise
  1636 | D:2      | Gained mutation: You are somewhat resistant to further mutation. [potion of mutation]
  1696 | D:3      | XOM: 1-stop teleportation journey
  1851 | D:3      | Gained mutation: You have large cloven feet. [demonic ancestry]
  1851 | D:3      | Reached XP level 5. HP: 32/37 MP: 5/5
  1911 | D:3      | XOM: medium Ice miscast
  1925 | D:3      | Found a snail-covered altar of Cheibriados.
  2018 | D:3      | Found a shadowy altar of Dithmenos.
  2165 | D:4      | Noticed a phantom
  2170 | D:4      | XOM: mild Pois miscast
  2182 | D:4      | Killed a phantom
  2182 | D:4      | Reached skill level 5 in Long Blades
  2236 | D:4      | Found a blossoming altar of Fedhas.
  2236 | D:4      | Found an opulent altar of Gozag.
  2264 | D:4      | XOM: summons 2 hostile shadow creatures
  2273 | D:4      | Gained mutation: You can steal the life force of nearby defeated enemies. [demonic ancestry]
  2273 | D:4      | Reached XP level 6. HP: 26/43 MP: 6/6
  2286 | D:4      | Found a stormy altar of Qazlal.
  2286 | D:4      | Noticed a fire elemental
  2287 | D:4      | Noticed an air elemental
  2287 | D:4      | Noticed a water elemental
  2326 | D:4      | Noticed an ogre
  2350 | D:4      | Killed an ogre
  2350 | D:4      | Reached skill level 6 in Long Blades
  2500 | D:4      | XOM: silly message
  2619 | D:5      | Entered Level 5 of the Dungeon
  2677 | D:5      | XOM: smoke on damage
  2680 | D:5      | HP: 1/43 [centaur (7)]
  2682 | D:5      | XOM: silly message
  2682 | D:5      | Reached XP level 7. HP: 2/48 MP: 7/7
  2891 | D:5      | XOM: summons 3 hostile demons
  3122 | D:6      | XOM: colour smoke trail
  3134 | D:5      | Reached skill level 7 in Long Blades
  3186 | D:5      | XOM: harmless Conj miscast
  3256 | D:5      | XOM: confuse monster(s)
  3299 | D:5      | XOM: harmless Divn miscast
  3469 | D:5      | Found a glowing golden altar of the Shining One.
  3496 | D:5      | XOM: harmless Fire miscast
  3652 | D:6      | XOM: butterfly on damage
  3653 | D:6      | XOM: divination: detect creatures
  3668 | D:6      | XOM: harmless Fire miscast
  3823 | D:6      | Reached skill level 5 in Armour
  3823 | D:6      | Gained mutation: You are mostly covered in sharp spines. [demonic ancestry]
  3823 | D:6      | Reached XP level 8. HP: 28/54 MP: 8/8
  3914 | D:6      | You fall through a shaft for 2 floors!
  3943 | D:8      | XOM: potion effect (heal wounds)
  4223 | D:8      | Found Arhaucvo's Food Emporium.
  4332 | D:8      | Found a burning altar of Makhleb.
  4387 | D:8      | Found a staircase to the Lair.
  4446 | D:8      | Noticed a two-headed ogre
  4457 | D:8      | Killed a two-headed ogre
  4819 | D:8      | Found a shimmering altar of Xom.
  5023 | D:8      | XOM: mild Trmt miscast
  5138 | D:7      | HP: 2/54 [crocodile (13)]
  5251 | D:7      | XOM: cast spell 'Summon Horrible Things'
  5413 | D:7      | Reached skill level 8 in Armour
  5478 | D:7      | XOM: harmless Divn miscast
  5512 | D:7      | XOM: confusion
  5760 | D:7      | Found a staircase to the Ecumenical Temple.
  5847 | D:7      | XOM: silly message
  6132 | D:7      | Gained mutation: You have hoof-like feet. [demonic ancestry]
  6132 | D:7      | Reached XP level 9. HP: 31/58 MP: 9/9
  6184 | D:7      | XOM: god gift: phantom mirror
  6405 | D:6      | XOM: god gift: 26 gold pieces
  6539 | D:6      | XOM: harmless Erth miscast
  6658 | D:6      | XOM: confusion (+ monsters)
  6662 | D:6      | XOM: confusion
  6687 | D:6      | Reached skill level 9 in Armour
  6689 | D:6      | XOM: silly message
  6761 | Temple   | Entered the Ecumenical Temple
  6788 | Temple   | XOM: summons 4 hostile demons
  6963 | Temple   | XOM: silly message
  7208 | D:9      | Found a basalt altar of Yredelemnul.
  7250 | D:9      | XOM: noise
  7360 | D:9      | XOM: swap monsters
  7433 | D:9      | XOM: fog
  7449 | D:9      | XOM: enchant monster (good)
  7591 | D:9      | XOM: 6-stop teleportation journey
  7697 | D:9      | XOM: enchant monster (good)
  7702 | D:9      | XOM: cast spell 'Ice Form'
  7779 | D:9      | XOM: god gift: scroll labeled GESOZE KIRCH
  7881 | D:9      | XOM: cast spell 'Statue Form'
  8067 | D:9      | Reached skill level 10 in Long Blades
  8067 | D:9      | Reached XP level 10. HP: 35/63 MP: 8/10
  8116 | D:9      | Identified the Handbook of Nature
  8126 | D:9      | Found a blossoming altar of Fedhas.
  8287 | D:10     | Entered Level 10 of the Dungeon
  8292 | D:10     | XOM: silly message
  8341 | D:10     | Found a staircase to the Orcish Mines.
  8341 | D:10     | Found Rohases's Armour Boutique.
  8385 | D:10     | Bought a +2 helmet of see invisible for 322 gold pieces
  8431 | D:10     | XOM: potion effect (agility)
  8522 | D:10     | Noticed a queen ant
  8530 | D:10     | XOM: cast spell 'Olgreb's Toxic Radiance'
  8536 | D:10     | XOM: noise
  8536 | D:10     | Reached skill level 11 in Long Blades
  8541 | D:10     | Killed a queen ant
  8580 | D:10     | XOM: summons friendly quasit
  8582 | D:10     | Reached skill level 12 in Long Blades
  8638 | D:10     | XOM: polymorph worker ant -> adder
  8651 | D:10     | Noticed a griffon
  8664 | D:10     | Killed a griffon
  8664 | D:10     | Gained mutation: You are completely covered in sharp spines. [demonic ancestry]
  8664 | D:10     | Reached XP level 11. HP: 69/69 MP: 5/11
  8787 | D:10     | Reached skill level 13 in Long Blades
  8870 | D:10     | Noticed an unseen horror
  8877 | D:10     | Killed an unseen horror
  8952 | D:10     | Noticed Maurice
  8955 | D:10     | Paralysed by Maurice for 3 turns
  8967 | D:10     | Paralysed by Maurice for 4 turns
  8969 | D:10     | Noticed Maurice
  8969 | D:10     | Maurice changed into Maurice the basilisk
  8969 | D:10     | XOM: polymorph Maurice -> Maurice the basilisk
  8980 | D:10     | Killed Maurice the basilisk
  8980 | D:10     | Reached skill level 5 in Fighting
  9009 | D:10     | Noticed an unseen horror
  9013 | D:10     | Killed an unseen horror
  9188 | D:10     | XOM: colour smoke trail
  9408 | Lair:1   | Entered Level 1 of the Lair of Beasts
  9442 | Lair:1   | Noticed Sonja
  9461 | Lair:1   | Killed Sonja
  9599 | Lair:1   | XOM: chaos cloud
  9623 | Lair:1   | XOM: summons friendly crimson imp
  9762 | Lair:1   | XOM: god gift: 6 meat rations
 10341 | Lair:2   | XOM: noise
 10413 | Lair:1   | XOM: medium Summ miscast
 10451 | Lair:1   | XOM: vitrification
 10522 | Lair:1   | XOM: enchant monster (good)
 10529 | Lair:1   | XOM: summons friendly ufetubus
 10551 | Lair:1   | XOM: mild Air miscast
 10726 | Lair:2   | XOM: summons 5 hostile shadow creatures
 10905 | Lair:2   | XOM: harmless Pois miscast
 10907 | Lair:2   | XOM: repel stairs
 10912 | Lair:2   | XOM: summons 10 friendly demons
 10918 | Lair:2   | XOM: divination: magic mapping
 11089 | Lair:2   | XOM: mild Hex miscast
 11112 | Lair:2   | Noticed Harold
 11117 | Lair:2   | XOM: silly message
 11125 | Lair:2   | Killed Harold
 11125 | Lair:2   | Reached skill level 10 in Fighting
 11312 | Lair:2   | XOM is BORED!
 11312 | Lair:2   | XOM: noise
 11347 | Lair:2   | Found a bloodstained altar of Trog.
 11630 | Lair:2   | XOM: mild Erth miscast
 11663 | Lair:2   | Identified a scroll of acquirement
 11668 | Lair:3   | XOM: 1-stop teleportation journey
 11676 | Lair:3   | Gained mutation: You are partially covered in rugged brown scales (AC +1, +3% HP). [demonic ancestry]
 11676 | Lair:3   | Reached XP level 12. HP: 81/90 MP: 12/12
 11950 | Lair:3   | Noticed a six-headed hydra
 12125 | Lair:3   | XOM: 1-stop teleportation journey
 12528 | D:11     | XOM: medium Hex miscast
 12559 | D:11     | XOM: fake destruction
 12587 | D:11     | XOM is BORED!
 12587 | D:11     | XOM: give mutations
 12587 | D:11     | Gained mutation: You are dopey. (Int -2) [Xom's mischief]
 12587 | D:11     | Gained mutation: Scrolls take you longer to read. [Xom's mischief]
 12614 | D:11     | XOM: noise
 12857 | D:11     | XOM: divination: detect items
 12920 | D:11     | Noticed Erica
 12931 | D:11     | Killed Erica
 12931 | D:11     | Reached skill level 10 in Armour
 13333 | D:11     | XOM: silly message
 13471 | Lair:1   | XOM: harmless Pois miscast
 13516 | Lair:3   | XOM: cast spell 'Summon Dragon'
 13519 | Lair:3   | Killed a five-headed hydra
 13600 | Lair:3   | XOM: harmless Necr miscast
 13722 | Lair:3   | XOM: harmless Trmt miscast
 13725 | Lair:4   | Found a hole to the Spider Nest.
 13821 | Lair:4   | XOM: fog
 13852 | Lair:4   | Found a staircase to the Snake Pit.
 13852 | Lair:4   | XOM: swap monsters
 13869 | Lair:4   | XOM: medium Tloc miscast
 13869 | Lair:4   | Cast into the Abyss (the capriciousness of Xom)
 13936 | Abyss:1  | Noticed a bone dragon
 13938 | Abyss:1  | XOM: fog
 13946 | Abyss:1  | XOM: enchant monster (bad)
 13952 | Abyss:1  | XOM: divination: magic mapping
 13970 | Abyss:1  | HP: 3/93 [bone dragon (12)]
 13970 | Abyss:1  | Mangled by a bone dragon

Vault maps used:
D:1:      minmay_arrival_five_plusses
D:2:      old_standard_altar
D:3:      nicolae_overflow_crystal_walls, cheibriados_altar_1
D:4:      gammafunk_temple_overflow_elements, first_bread,
          nicolae_qazlal_style_of_elements
D:5:      kennysheep_mini_moat
D:7:      lemuel_ice_spiral_2, minmay_temple_entry_butterflies
D:8:      lightli_temple_of_fire, lair_0_dummy, serial_shops,
          nicolae_shop_trees, hangedman_pestilent_swarm, xom_teletrap_fun
D:9:      lemuel_zombie_altar_yredelemnul, introduction_to_nature_2
D:10:     orc_david_3, minivault_29, uniq_maurice
D:11:     hangedman_decor_peaks_small, lemuel_old_faithful, uniq_erica
Temple:   circular_temple_12
Lair:1:   serial_bayou_shore_a, uniq_sonja
Lair:2:   basic_altar, lemuel_fruit_tree, infiniplex_staircase_pool, uniq_harold
Lair:4:   minmay_swamp_entry_worms, minmay_snake_entry_guardpost_small,
          nicolae_spider_entry_tight_spaces, tgw_fedhas
Abyss:1:  hangedman_decor_lopped

Action                   |  1- 3 |  4- 6 |  7- 9 | 10-12 || total
-------------------------+-------+-------+-------+-------++-------
Melee: Falchion          |    49 |    95 |   299 |       ||   443
       Great sword       |       |       |    29 |       ||    29
       Unarmed           |       |       |    22 |       ||    22
       Scimitar          |       |       |    16 |   550 ||   566
 Fire: Blowgun           |       |     3 |     8 |    17 ||    28
 Abil: Evoke Flight      |       |       |     1 |     3 ||     4
Evoke: Wand              |       |       |     2 |     1 ||     3
  Use: Scroll            |       |     7 |     9 |    17 ||    33
       Potion            |       |     2 |     1 |     3 ||     6
 Stab: Paralysed         |       |     2 |     7 |       ||     9
       Petrified         |       |       |     1 |       ||     1
       Distracted        |       |       |       |     1 ||     1
  Eat: Chunk             |     1 |     4 |    17 |    25 ||    47
